 Dungeon Crawl Stone Soup version 0.30.1-4-g462c640d31 (webtiles) character file.

Game seed: 8738252566729901111

611 spardeous the Magician (level 7, -3/53 HPs)
             Began as a Djinni Conjurer on Aug 27, 2023.
             Slain by a gnoll sergeant
             ... wielding a +2 spear of venom
              (6 damage)
             ... on level 5 of the Dungeon.
             The game lasted 00:04:19 (4221 turns).

spardeous the Magician (Djinni Conjurer)            Turns: 4221, Time: 00:04:19

Health: -3/53      AC:  6    Str: 11    XL:     7   Next: 72%
Gold:   183        EV:  6    Int: 22    God:
                   SH:  0    Dex: 15

rFire   + + +        v - +7 flail of Dishonour {flame, rF++ Str+3 Int+3 Dex-3}
rCold   x . .        (no shield)
rNeg    . . .        j - +0 ring mail
rPois   ∞            (no helmet)
rElec   .            (no cloak)
rCorr   .            g - +0 pair of gloves
SInv    .            (boots unavailable)
Will    .....        (no amulet)
Stlth   +            q - +6 ring of dexterity
HPRegen 0.28/turn    (no ring)
MPRegen 0.00/turn

%: infuse magic (-4 HP)
@: flying, held
A: sickness immunity, fire resistance 2, cold vulnerability 1, float, innate
caster, HP casting, extra vitality 1
a: no special abilities


You were on level 5 of the Dungeon.
You visited 1 branch of the dungeon, and saw 5 of its levels.

You collected 183 gold pieces.

Inventory:

Hand Weapons
 v - the +7 flail of Dishonour (weapon) {flame, rF++ Str+3 Int+3 Dex-3}
   (You found it on level 4 of the Dungeon)

   Str:       It affects your strength (+3).
   Int:       It affects your intelligence (+3).
   Dex:       It affects your dexterity (-3).
   rF:        It greatly protects you from fire.
Armour
 a - a +0 robe
 g - a +0 pair of gloves (worn)
 j - a +0 ring mail (worn)
Jewellery
 o - an amulet of faith
 q - a +6 ring of dexterity (left hand)
 u - a ring of ice
Scrolls
 b - 6 scrolls of identify {unknown}
 d - a scroll of enchant armour {unknown}
 e - 2 scrolls of teleportation {unknown}
 f - 2 scrolls of fog {unknown}
 h - a scroll of vulnerability {unknown}
 i - a scroll of enchant weapon {unknown}
 k - 4 scrolls of fear {unknown}
 s - 3 scrolls of magic mapping {unknown}
 t - 2 scrolls of amnesia {unknown}
Potions
 c - 3 potions of degeneration {unknown}
 l - 3 potions of curing {unknown}
 m - 2 potions of attraction {unknown}
 n - a potion of ambrosia {unknown}
 p - a potion of brilliance {unknown}
 r - a potion of haste {unknown}


   Skills:
 + Level 4.9 Fighting
 - Level 3.0 Dodging
 - Level 1.5 Stealth
 + Level 5.3 Spellcasting


You knew the following spells:

 Your Spells              Type           Power      Damage    Failure   Level
a - Magic Dart            Conj           100%       1d8       2%          1
b - Searing Ray           Conj           58%        2d6       4%          2
c - Dazzling Flash        Conj/Hex       58%        N/A       8%          3
d - Fulminant Prism       Conj/Hex       14%        3d9       26%         4
e - Iskenderun's Mystic   Conj/Tloc      29%        2d7       26%         4
f - Kiss of Death         Conj/Necr      100%       2d13      2%          1
g - Call Imp              Summ           58%        N/A       4%          2
h - Hailstorm             Conj/Ice       29%        3d8       8%          3
Your spell library was empty.

Dungeon Overview and Level Annotations

Branches:
Dungeon (5/15)             Temple (0/1) D:4

Altars:
Elyvilon
Makhleb
Xom

Shops:
D:2 ((

Annotations:
D:3 1 runed translucent door, Xrynn's ghost, amateur SpEn


Innate Abilities, Weirdness & Mutations

You are immune to sickness and miasma.
You are immune to poison.
Your flesh is very heat resistant. (rF++)
You are vulnerable to cold. (rC-)
You float through the air rather than walking.
You learn spells naturally, not from books.
Your magical power is your life essence.
You have superior vitality. (+4 MHP)


Message History

The searing ray hits the gnoll.
The gnoll is heavily wounded.
The searing ray hits the gnoll sergeant.
The gnoll sergeant is heavily wounded. (Press . to maintain the ray.)
The gnoll sergeant hits you from afar with a +2 spear of venom!
You take 9 damage, and have 36/53 hp.
The searing ray hits the gnoll!
The gnoll is almost dead.
The gnoll closely misses you. The gnoll sergeant barely misses you.
You take 1 damage, and have 35/53 hp.
The searing ray hits the gnoll.
You kill the gnoll!
The gnoll sergeant barely misses you.
You take 1 damage, and have 34/53 hp.
You finish channelling your searing ray.
The gnoll sergeant hits you from afar with a +2 spear of venom!
* * * LOW HITPOINT WARNING * * *
You take 13 damage, and have 21/53 hp.
MASSIVE DAMAGE!!
Casting: Searing Ray (safe; 4% risk of failure)
Confirm with . or Enter, or press ? or * to list all spells.
Aiming: Searing Ray (safe; 4% risk of failure)
Press: ? - help, Shift-Dir - straight line, f - gnoll sergeant
Aim: a gnoll sergeant, wielding a +2 spear of venom, wearing a +0 scale mail and wearing a +0 buckler (heavily wounded, 85% to hit)
The searing ray hits the gnoll sergeant.
The gnoll sergeant is severely wounded. (Press . to maintain the ray.)
* * * LOW HITPOINT WARNING * * *
The gnoll sergeant hits you from afar with a +2 spear of venom.
* * * LOW HITPOINT WARNING * * *
The searing ray hits the gnoll sergeant.
The gnoll sergeant is almost dead.
* * * LOW HITPOINT WARNING * * *
The gnoll sergeant hits you from afar with a +2 spear of venom!
* * * LOW HITPOINT WARNING * * *
The searing ray hits the gnoll sergeant.
The gnoll sergeant is almost dead.
* * * LOW HITPOINT WARNING * * *
The gnoll sergeant hits you from afar with a +2 spear of venom.
You die...

..##.. ..... ##
#.... .# .
#....#.####..
#............
###..........#
#............#.
#@)g)....
#).......
.......#.
.#.##.....
....# .###. .#
##. . .. . # ##
.


You could see a gnoll sergeant.

Vanquished Creatures
  A black bear (D:4)
  A scorpion (D:4)
  4 orc priests
  An iguana (D:4)
  2 orc wizards (D:3)
  9 gnolls
  7 adders
  A worm (D:3)
  A dart slug (D:3)
  17 orcs
  4 bats
  6 endoplasms
  5 giant cockroaches
  7 hobgoblins
  7 jackals
  2 quokkas
  10 ball pythons
  2 frilled lizards
  8 goblins
  12 kobolds
  6 rats
113 creatures vanquished.

Vanquished Creatures (others)
  A hobgoblin (D:3)
1 creature vanquished.

Grand Total: 114 creatures vanquished

Notes
Turn   | Place    | Note
-------+----------+-------------------------------------------
     0 | D:1      | spardeous the Djinni Conjurer began the quest for the Orb.
     0 | D:1      | spardeous set off with the following spells memorised:
                  | Magic Dart, Searing Ray, Dazzling Flash, Fulminant Prism,
                  | Iskenderun's Mystic Blast.
     0 | D:1      | Reached XP level 1. HP: 15/15 MP: 0/0
    73 | D:1      | Reached XP level 2. HP: 4/21 MP: 0/0
    73 | D:1      | HP: 1/21 [kobold/+0 dagger (2)]
    83 | D:1      | HP: 1/21 [kobold/+0 dagger (1)]
   380 | D:1      | Found a faded altar of an unknown god.
   561 | D:1      | Reached XP level 3. HP: 20/25 MP: 0/0
   561 | D:1      | Learned a level 1 spell: Kiss of Death
   757 | D:2      | Found Hibbal's Antique Weapon Emporium.
   982 | D:2      | Found Bitonn's Weapon Boutique.
  1047 | D:2      | Reached skill level 1 in Fighting
  1106 | D:2      | Reached XP level 4. HP: 27/32 MP: 0/0
  1714 | D:3      | Reached skill level 4 in Spellcasting
  1854 | D:3      | Reached XP level 5. HP: 31/38 MP: 0/0
  1854 | D:3      | Learned a level 2 spell: Call Imp
  1976 | D:3      | Found a shimmering altar of Xom.
  2020 | D:3      | Found a white marble altar of Elyvilon.
  2066 | D:3      | Found a runed translucent door.
  2068 | D:3      | Noticed Xrynn's ghost (amateur SpEn)
  2274 | D:3      | Reached XP level 6. HP: 39/46 MP: 0/0
  2354 | D:3      | Found a burning altar of Makhleb.
  3095 | D:4      | Reached XP level 7. HP: 44/52 MP: 0/0
  3095 | D:4      | Learned a level 3 spell: Hailstorm
  3285 | D:4      | Found a staircase to the Ecumenical Temple.
  3309 | D:4      | Reached skill level 5 in Spellcasting
  3420 | D:4      | Identified the +7 flail of Dishonour {flame, rF++ Str+3
                  | Int+3 Dex-3}
  4203 | D:5      | Entered Level 5 of the Dungeon
  4221 | D:5      | Slain by a gnoll sergeant

Illustrated notes

Levels and vault maps discovered:
D:1:      dpeg_arrival_rhombi, layout_rooms, ebering_ecumenical_altar_petrified
D:2:      layout_basic, serial_shops, nicolae_shop_bloodbath_and_beyond,
          nicolae_shop_statue_plus, dk_noncrumbling_2
D:3:      minmay_bubble_buster, layout_loops_ring,
          nicolae_overflow_crystal_walls, xom_confusion_cloud,
          mainiacjoe_overflow_alcove_4, old_standard_altar,
          ebering_ghost_sewer_d, wad_rectangle_vault
D:4:      wander_river, layout_loops_corners, temple_statues
D:5:      layout_rooms, mainiacjoe_overflow_alcove_2, serial_shops,
          nicolae_shop_tiny_glass, grunt_decor_arrowhead,
          uniq_crazy_yiuf_cottage

Skill      XL: |  1  2  3  4  5  6  7 |
---------------+----------------------+-----
Dodging        | 3 |  3.0
Fighting       | 1 2 3 4 |  4.9
Spellcasting   | 4 5 |  5.3
Stealth        | |  1.5

Action                     |  1- 3 |  4- 6 |  7- 9 || total
---------------------------+-------+-------+-------++-------
   Cast: Magic Dart        |    68 |   140 |    37 ||   245
         Searing Ray       |       |     4 |    13 ||    17
 Armour: Robe              |     3 |       |       ||     3
         Ring mail         |       |    16 |     1 ||    17
  Dodge: Dodged            |    17 |    26 |    14 ||    57
